 Dungeon Crawl Stone Soup version 0.28-a0-1629-gf728b707aa (webtiles) character file.

Game seed: 7939999880959140914

52 wakim the Shield-Bearer (level 3, -2/36 HPs)
             Began as a Troll Fighter on Jan 24, 2022.
             Slain by a wyvern (11 damage)
             ... on level 4 of the Dungeon.
             The game lasted 00:02:47 (1209 turns).

wakim the Shield-Bearer (Troll Fighter)             Turns: 1209, Time: 00:02:48

Health: -2/36      AC:  4    Str: 24    XL:     3   Next: 60%
Magic:  2/2        EV:  8    Int:  4    God:
Gold:   78         SH:  8    Dex: 11    Spells: 2/2 levels left

rFire   . . .      SeeInvis .     - Unarmed
rCold   . . .      Faith    .   b - +0 kite shield
rNeg    . . .      Spirit   .   a - +0 robe
rPois   .          Reflect  .   (helmet restricted)
rElec   .          Harm     .   (no cloak)
rCorr   .          Rampage  .   (gloves unavailable)
Will    .....                   (boots unavailable)
Stlth   +.........              (no amulet)
HPRegen 0.92/turn               (no ring)
MPRegen 0.08/turn               (no ring)

@: no status effects
A: large, unfitting armour, claws 3, regeneration 1, shaggy fur 1, tough skin 1
a: no special abilities


You were on level 4 of the Dungeon.
You visited 1 branch of the dungeon, and saw 3 of its levels.

You collected 78 gold pieces.

Inventory:

Missiles
 s - 23 stones (quivered)
Armour
 a - a +0 robe (worn)
 b - a +0 kite shield (worn)
Scrolls
 O - 3 scrolls of fog {unknown}
 Q - 3 scrolls of identify {unknown}
 T - a scroll of torment {unknown}
Potions
 N - 4 potions of might
 P - a potion of attraction {unknown}
 R - a potion of curing {unknown}
 S - a potion of heal wounds {unknown}


   Skills:
 + Level 2.8 Fighting
 - Level 2.4 Dodging
 * Level 3.2 Shields
 + Level 2.6 Unarmed Combat


You had 2 spell levels left.
You didn't know any spells.
Your spell library was empty.

Dungeon Overview and Level Annotations

Branches:
Dungeon (4/15)
 Temple: D:4-7

Altars:


Innate Abilities, Weirdness & Mutations

You are too large for most types of armour.
You have claws for hands.
Your natural rate of healing is unusually fast.
You are covered in fur. (AC +1)
You have tough skin. (AC +1)


Message History

The endoplasm is almost dead.
The endoplasm freezes you.
You are frozen.
You claw the endoplasm!
You kill the endoplasm!
You see here a ball python corpse.
There is a stone staircase leading down here.
You hear the slow rusting of a drain very nearby.
You see here a white potion.
S - a white potion You closely miss the ball python.
The ball python bites you but does no damage.
You scratch the ball python but do no damage.
The ball python bites you. The ball python closely misses you.
You claw the ball python!
You kill the ball python!
You see here a ball python corpse.
You now have 62 gold pieces (gained 12).
You now have 78 gold pieces (gained 16).
T - a scroll labelled BESOTI DETOWN You see here a scroll labelled PIOWUS QITRATS.
The jackal barks!
You hear an angry hiss. x2
A wyvern comes into view.
You see here a scroll labelled PIOWUS QITRATS.
O - 3 scrolls labelled PIOWUS QITRATS (gained 1)
The wyvern hisses angrily.
The jackal barely misses you. The jackal barely misses you.
The jackal barely misses you. You block the jackal's attack.
The wyvern bites you! The wyvern barely misses you.
You barely miss the wyvern. The jackal barely misses you. The wyvern bites you!
* * * LOW HITPOINT WARNING * * *
You block the jackal's attack. The wyvern bites you.
* * * LOW HITPOINT WARNING * * *
The jackal bites you.
* * * LOW HITPOINT WARNING * * *
The wyvern bites you!
You die...

................#
................#######
...............>......#
......................#
...#########........#
.# ##.......# #.......#
#hl###### ##@####
#.†..### ####...# #...#
####...# ###......#
#####...##...#
#....#####...# #.####
#...#


You could see a wyvern and a jackal.

Vanquished Creatures
  An ufetubus (D:4)
  2 dart slugs (D:1)
  5 ball pythons
  6 endoplasms
  2 goblins (D:1)
  3 hobgoblins (D:1)
  5 jackals
  9 bats
  A frilled lizard (D:1)
  3 kobolds
  5 rats (D:1)
42 creatures vanquished.

Notes
Turn   | Place    | Note
-------+----------+-------------------------------------------
     0 | D:1      | wakim the Troll Fighter began the quest for the Orb.
     0 | D:1      | Reached XP level 1. HP: 22/22 MP: 0/0
   169 | D:1      | Reached XP level 2. HP: 29/29 MP: 1/1
   278 | D:1      | !bestwep
   329 | D:1      | Found a faded altar of an unknown god.
   604 | D:1      | Reached skill level 3 in Shields
   619 | D:1      | Reached XP level 3. HP: 36/36 MP: 2/2
  1064 | D:2      | You fall into a shaft and drop 2 floors!
  1194 | D:4      | Noticed a wyvern
  1209 | D:4      | Slain by a wyvern

Illustrated notes

.......# #.# ##.##.##
#.. ##.##†# #### ##
##.##.# # ##. .##
##.##.# #....#.J
....#.# ##.##...
....#.# ##...##.#
##..#.###.#.#.#.###.#
......#.........@...#
................#####
......#..#####.##
......#.#.###.##
......#.##...##
#####+######## .....#
#####..


Turn 278 on D:1: !bestwep

Levels and vault maps discovered:
D:1:      dpeg_arrival_solitude, layout_loops_ring,
          hellmonk_ecumenical_altar_zigzags
D:2:      layout_loops_ring, basic_altar, supply_closet_lemuel,
          grunt_ministairs_10, minivault_26, uniq_jessica, uniq_robin
D:4:      layout_rooms, gup_sewer_entry_spiral

Skill      XL: |  1  2 |
---------------+-------+-----
Shields        | 3 |  3.2
Fighting       | |  2.8
Dodging        | |  2.4
Unarmed Combat | |  2.6

Action                   || total
-------------------------++-------
Melee: Unarmed           ||   104
 Stab: Sleeping          ||     1
Armor: Robe              ||    54
Dodge: Dodged            ||    48
Block: Kite shield       ||    35

Table legend: (Time is in decaauts)
 A = Elapsed time spent in this place.
 B = Non-inter-level travel time spent in this place.
 C = Inter-level travel time spent in this place.
 D = Time resting spent in this place.
 E = Time spent auto-exploring this place.
 F = Levels seen in this place.
 G = Mean time per level.
                   A        B        C        D        E       F      G
               +--------+--------+--------+--------+--------+-----+--------+
         Total |   1216 |   1140 |     76 |      0 |    810 |   3 |  405.3 |
       Dungeon |   1216 |   1140 |     76 |      0 |    810 |   3 |  405.3 |
               +--------+--------+--------+--------+--------+-----+--------+

Top non-repeatable levels by time:
     D:1: 1003 daAuts
     D:4: 146 daAuts
     D:2: 66 daAuts
